 Dungeon Crawl Stone Soup version 0.27.1-4-g1640c2035a (webtiles) character file.

Game seed: 1952413811119348761

352 pkoi the Shield-Bearer (level 6, -3/78 HPs)
             Began as a Minotaur Fighter on Nov 2, 2021.
             Was an Initiate of Makhleb.
             Splashed by an acid dragon's acid (17 damage)
             ... on level 4 of the Dungeon.
             The game lasted 00:03:12 (3166 turns).

pkoi the Shield-Bearer (Minotaur Fighter)           Turns: 3166, Time: 00:03:13

Health: -3/78      AC: 19    Str: 28    XL:     6   Next: 35%
Magic:  6/6        EV:  2    Int:  5    God:    Makhleb [......]
Gold:   109        SH: 11    Dex: 10    Spells: 5/5 levels left

rFire    . . .     SeeInvis .   a - +0 long sword
rCold    . . .     Faith    .   c - +0 kite shield
rNeg     + + +     Spirit   .   (armour currently unavailable)
rPois    +         Reflect  .   (helmet currently unavailable)
rElec    .         Harm     .   (cloak currently unavailable)
rCorr    .         Rampage  .   (gloves currently unavailable)
Will     .....     NoTele   +   (boots currently unavailable)
Stlth    +.........             (no amulet)
HPRegen  0.23/turn              j - +6 ring of strength
MPRegen  0.10/turn              k - ring of positive energy

@: tree-form, corroded
A: stationary, stasis, torment immunity, boosted hp, (horns 2), (retaliatory
headbutt)
a: Renounce Religion


You were on level 4 of the Dungeon.
You worshipped Makhleb.
Makhleb was noncommittal.
You were a tree.
You visited 1 branch of the dungeon, and saw 4 of its levels.

You collected 109 gold pieces.

Inventory:

Hand Weapons
 a - a +0 long sword (weapon)
Missiles
 o - 7 boomerangs (quivered)
Armour
 b - a +0 scale mail (melded)
 c - a +0 kite shield (worn)
 p - a +0 pair of boots (melded)
Jewellery
 j - a +6 ring of strength (left branch)
 k - a ring of positive energy (right branch)
Scrolls
 f - a scroll of noise {unknown}
 h - 5 scrolls of identify {unknown}
 n - 2 scrolls of enchant weapon {unknown}
 r - a scroll of acquirement {unknown}
Potions
 d - a potion of might
 g - a potion of curing {unknown}
 i - a potion of mutation {unknown}
 l - a potion of invisibility {unknown}
 m - a potion of haste {unknown}
 q - a potion of ambrosia {unknown}


   Skills:
 - Level 3.6 Fighting
 + Level 5.3 Long Blades
 - Level 2.3 Throwing
 - Level 3.6 Armour
 + Level 6.0 Shields
 + Level 1.4 Invocations


You had 5 spell levels left.
You didn't know any spells.
Your spell library contained the following spells:

 Spells                   Type           Power      Damage    Failure   Level
 Freeze                   Ice            0%         1d3       86%         1
 Frozen Ramparts          Ice            0%         1d2       99%         3
 Hailstorm                Conj/Ice       0%         3d3       100%        4


Dungeon Overview and Level Annotations

Branches:
Dungeon (4/15)
 Temple: D:4-7

Altars:
Kikubaaqudgha
Makhleb
Qazlal


Innate Abilities, Weirdness & Mutations

You are a tree.
Your roots penetrate the ground, keeping you stationary.
You cannot be teleported.
You are immune to unholy pain and torment.
Your maximum health is greatly increased.
Your equipment is partially melded.
((You have a pair of horns on your head.))
((You reflexively headbutt those who attack you in melee.))


Message History

You hit the acid dragon.
The acid dragon is heavily wounded.
The acid dragon bites you but does no damage.
The acid dragon claws you but does no damage.
You hit the acid dragon.
The acid dragon is severely wounded.
The acid dragon bites you but does no damage.
The acid dragon claws you but does no damage.
The acid dragon bites you but does no damage.
The acid dragon claws you but does no damage.
You hit the acid dragon but do no damage.
The acid dragon is severely wounded.
The acid dragon spits acid at you. The splash of acid misses you.
You hit the acid dragon.
The acid dragon is severely wounded.
The acid dragon bites you but does no damage.
The acid dragon claws you but does no damage.
Your shield prevents you from hitting the acid dragon.
The acid dragon is severely wounded.
The acid dragon bites you.
* * * LOW HITPOINT WARNING * * *
The acid dragon claws you but does no damage.
You hit the acid dragon but do no damage.
The acid dragon is severely wounded.
The acid dragon bites you but does no damage.
The acid dragon claws you but does no damage.
The acid dragon barely misses you.
The acid dragon claws you but does no damage.
You closely miss the acid dragon.
The acid dragon is severely wounded.
The acid dragon bites you.
* * * LOW HITPOINT WARNING * * *
You block the acid dragon's attack.
You hit the acid dragon.
The acid dragon is almost dead.
The acid dragon spits acid at you.
The splash of acid hits you but does no damage.
You are splashed with acid!
You die...

#.# #.# ..#
#.# #.#
#.######
#D.....#
#♣.....+
#......#
#.#+#### #.#
#.# ###..
#.# #....#
#.#
#....#####.#
#....##....#


You could see an acid dragon (catching breath).

Vanquished Creatures
  A necrophage (D:4)
  A bullfrog (D:4)
  A gnoll sergeant (D:4)
  An orc priest (D:4)
  3 gnolls (D:4)
  2 adders
  2 adder skeletons (D:4)
  A worm (D:2)
  5 orcs
  4 endoplasms
  3 giant cockroaches (D:1)
  5 goblins
  4 hobgoblins
  6 jackals (D:3)
  3 kobolds
  2 quokkas
  4 ball pythons
  6 bats
  3 frilled lizards
  3 rats
60 creatures vanquished.

Notes
Turn   | Place    | Note
-------+----------+-------------------------------------------
     0 | D:1      | pkoi the Minotaur Fighter began the quest for the Orb.
     0 | D:1      | Reached XP level 1. HP: 19/19 MP: 0/0
   155 | D:1      | Reached skill level 4 in Shields
   155 | D:1      | Reached XP level 2. HP: 27/27 MP: 1/1
   779 | D:2      | Found a faded altar of an unknown god.
  1071 | D:2      | Found an ancient bone altar of Kikubaaqudgha.
  1080 | D:2      | Reached XP level 3. HP: 33/33 MP: 2/2
  1908 | D:3      | Found a stormy altar of Qazlal.
  2305 | D:4      | Reached XP level 4. HP: 37/40 MP: 3/3
  2339 | D:4      | Noticed a necrophage
  2347 | D:4      | Killed a necrophage
  2348 | D:4      | Reached skill level 1 in Throwing
  2348 | D:4      | Reached skill level 5 in Shields
  2348 | D:4      | Reached XP level 5. HP: 46/46 MP: 4/4
  2463 | D:4      | Found a burning altar of Makhleb.
  2540 | D:4      | Became a worshipper of Makhleb the Destroyer
  2722 | D:4      | Reached skill level 5 in Long Blades
  2776 | D:4      | Reached skill level 1 in Invocations
  2776 | D:4      | Reached XP level 6. HP: 41/52 MP: 5/5
  3099 | D:4      | Reached skill level 6 in Shields
  3148 | D:4      | Noticed an acid dragon
  3166 | D:4      | Splashed by an acid dragon's acid

Illustrated notes

Levels and vault maps discovered:
D:1:      dpeg_arrival_arbitrary_b, layout_loops_ring
D:2:      layout_rooms, basic_altar, shapermc_ecumenical_altar_totnotflames
D:3:      layout_basic, general_overflow_altar, kennysheep_generic_room_15
D:4:      layout_basic, zin_angel, mainiacjoe_overflow_alcove_4,
          chequers_mini_garden

Skill      XL: |  1  2  3  4  5  6 |
---------------+-------------------+-----
Shields        | 4 5 6 |  6.0
Long Blades    | 3 4 5 |  5.3
Throwing       | 1 2 |  2.3
Invocations    | 1 |  1.4
Fighting       | |  3.6
Armour         | |  3.6

Action                   |  1- 3 |  4- 6 || total
-------------------------+-------+-------++-------
Melee: Long sword        |    85 |    66 ||   151
       Headbutt          |    12 |    13 ||    25
  Use: Potion            |       |     1 ||     1
Armor: Scale mail        |    27 |    25 ||    52
       Skin              |       |    13 ||    13
Dodge: Dodged            |    23 |    12 ||    35
Block: Kite shield       |    45 |    45 ||    90
       Rpst.: Long sword |     4 |     1 ||     5
